 Dungeon Crawl Stone Soup version 0.27.0-1-g7a089689b8 (webtiles) character file.

Game seed: 15133266387821201954

39 MajorAdolf the Sneak (level 3, 0/36 HPs)
             Began as a Naga Wanderer on Aug 8, 2021.
             Succumbed to an adder's poison
             ... on level 2 of the Dungeon.
             The game lasted 00:01:15 (1566 turns).

MajorAdolf the Sneak (Naga Wanderer)                Turns: 1566, Time: 00:01:15

Health: 0/36       AC:  2    Str: 13    XL:     3   Next: 47%
Magic:  3/3        EV:  9    Int: 14    God:
Gold:   78         SH:  0    Dex: 10    Spells: 2/2 levels left

rFire    . . .     SeeInvis +   a - +2 hand axe
rCold    . . .     Faith    .   (no shield)
rNeg     . . .     Spirit   .   d - +0 robe
rPois    +         Reflect  .   (no helmet)
rElec    .         Harm     .   (no cloak)
rCorr    .         Rampage  .   (no gloves)
Will     .....                  (no barding)
Stlth    +++.......             (no amulet)
HPRegen  0.12/turn              (no ring)
MPRegen  0.08/turn              (no ring)

@: lethally poisoned (0 -> -3), very slow
A: AC +1, large, see invisible, deformed body, poison resistance, slowness 2,
spit poison 1, naga tail 1
a: Spit Poison


You were on level 2 of the Dungeon.
You visited 1 branch of the dungeon, and saw 2 of its levels.

You collected 78 gold pieces.

Inventory:

Hand Weapons
 a - a +2 hand axe (weapon)
 j - a +4 dagger
Armour
 d - a +0 robe (worn)
Jewellery
 h - a ring of wizardry
Scrolls
 b - 2 scrolls of teleportation
 g - a scroll of blinking {unknown}
Potions
 c - a potion of curing
 e - a potion of mutation {unknown}
 f - 2 potions of degeneration {unknown}
 i - a potion of might {unknown}


   Skills:
 - Level 4.0 Fighting
 - Level 3.0 Axes
 - Level 1.0 Throwing
 - Level 1.0 Armour
 + Level 4.9 Stealth
 - Level 1.0 Evocations


You had 2 spell levels left.
You didn't know any spells.
Your spell library was empty.

Dungeon Overview and Level Annotations

Branches:
Dungeon (2/15)

Altars:


Innate Abilities, Weirdness & Mutations

Your serpentine skin is tough. (AC +1)
You have supernaturally acute eyesight. (SInv)
Armour fits poorly on your strangely shaped body.
Your system is resistant to poisons. (rPois)
You cover ground very slowly.
You can spit poison.
You have a snake-like lower body.


Message History

The dart slug is severely wounded.
A dart slug is nearby!
A dart slug is nearby!
You hit the dart slug.
You kill the dart slug!
No target in view!
No target in view!
An adder comes into view.
An adder is nearby!
An adder is nearby!
An adder is nearby!
The adder bites you.
You are poisoned.
The adder poisons you! The adder bites you.
The splash of poison misses the adder.
You feel sick. The adder completely misses you.
You barely miss the adder.
You feel sick. The adder bites you.
You are more poisoned.
The adder poisons you!
You slash the adder!
The adder is almost dead.
You feel sick. The adder bites you. x2
You are too injured to fight recklessly!
An adder is nearby!
Unknown command.
Unknown command.
You closely miss the adder.
The adder is almost dead.
You feel sick. The adder bites you. x2
* * * LOW HITPOINT WARNING * * *
Unknown command.
You miss the adder.
The adder is almost dead.
You feel sick. The adder bites you.
* * * LOW HITPOINT WARNING * * *
Unknown command.
You hit the adder.
You kill the adder!
You have got your breath back.
You die...

## #...######## #
#.#...# . ####.#...#
#.. .##....#...# ..
..#.####...# #.#
#.#.# ##.# .. #.#.#
.. .#
#...#######..#####.#
#........# #...†@..#
....####.########..#
..#.......#######..#
.......)...........#
...#..)....######.##
..##....##.## #.#
#..####.....## #.#
##.# ###....## #.#
##.######.....###..


There were no monsters in sight!

Vanquished Creatures
  2 adders (D:2)
  2 dart slugs
  2 ball pythons
  3 endoplasms
  A giant cockroach (D:1)
  2 goblins (D:1)
  2 hobgoblins (D:1)
  A quokka (D:2)
  3 bats (D:1)
  A frilled lizard (D:2)
  4 kobolds
  5 rats
28 creatures vanquished.

Notes
Turn   | Place    | Note
-------+----------+-------------------------------------------
     0 | D:1      | MajorAdolf the Naga Wanderer began the quest for the Orb.
     0 | D:1      | MajorAdolf set off with the following items: a +2 hand axe,
                  | a scroll of teleportation, a potion of curing, a +0 robe
     0 | D:1      | Reached XP level 1. HP: 22/22 MP: 1/1
    84 | D:1      | Reached skill level 1 in Stealth
   291 | D:1      | Reached XP level 2. HP: 30/30 MP: 2/2
  1260 | D:2      | Reached XP level 3. HP: 36/36 MP: 3/3
  1565 | D:2      | HP: 1/36 [adder (5)]
  1566 | D:2      | Succumbed to an adder's poison

Illustrated notes

Levels and vault maps discovered:
D:1:      erik_arrival_cave_to_civilisation [erik_arrival_cave_to_hall],
          layout_basic
D:2:      layout_rooms, minivault_14

Skill      XL: |  1  2 |
---------------+-------+-----
Stealth        | 2 4 |  4.9
Fighting       | |  4.0
Axes           | |  3.0
Throwing       | |  1.0
Armour         | |  1.0
Evocations     | |  1.0

Action                   || total
-------------------------++-------
Melee: Hand axe          ||    53
 Abil: Spit Poison       ||    16
 Stab: Sleeping          ||     3
Armor: Robe              ||     8
Dodge: Dodged            ||    21
